 Dungeon Crawl Stone Soup version 0.18-a0-1057-g88203af (webtiles) character file.

113 Kristof the Digger (level 4, -2/24 HPs)
             Began as a Gargoyle Earth Elementalist on Jan 12, 2016.
             Killed from afar by Robin (5 damage)
             ... with a wand of magic darts
             ... on level 2 of the Dungeon.
             The game lasted 00:12:36 (1890 turns).

Kristof the Digger (Gargoyle Earth Elementalist)    Turns: 1890, Time: 00:12:36

Health: -2/24      AC:  6    Str: 12    XL:     4   Next: 96%
Magic:  9/9        EV: 12    Int: 16    God:
Gold:   93         SH:  0    Dex: 10    Spells: 3 memorised, 4 levels left

rFire  . . .     SeeInvis .     e - +0 dagger
rCold  . . .     Gourm    .     a - +0 robe
rNeg   + . .     Faith    .     (no shield)
rPois  ∞         Spirit   .     k - +0 helmet
rElec  +         Dismiss  .     (no cloak)
rCorr  .         Reflect  .     (no gloves)
SustAt .         Harm     .     (no boots)
MR     .....                    (no amulet)
Stlth  ++........               (no ring)
                                (no ring)

@: not resistant to hostile enchantments, unstealthy
A: negative energy resistance 1, electricity resistance, unbreathing,
petrification resistance, rot immunity, AC +3
a: no special abilities


You were on level 2 of the Dungeon.
You were not hungry.

You visited 1 branch of the dungeon, and saw 2 of its levels.

You collected 93 gold pieces.

Inventory:

Hand Weapons
 e - a +0 dagger (weapon)
 j - a +0 whip
Missiles
 m - 2 javelins of returning (quivered)
Armour
 a - a +0 robe (worn)
 k - a +0 helmet (worn)
Jewellery
 f - an uncursed ring of teleportation
Wands
 o - a wand of polymorph (15/24)
Scrolls
 b - a scroll of remove curse
 h - a scroll of fog
Potions
 g - a potion of flight {unknown}
 l - a potion of agility {unknown}
 p - a potion of resistance {unknown}
 q - a potion of haste {unknown}
Books
 c - a book of Geomancy

   Spells                             Type                      Level
   a - Sandblast                      Earth                        1
   b - Stoneskin                      Transmutation/Earth          2
   c - Passwall                       Transmutation/Earth          3
   d - Stone Arrow                    Conjuration/Earth            3
   e - Petrify                        Transmutation/Earth          4
   f - Lee's Rapid Deconstruction     Earth                        5
Comestibles
 d - a bread ration
 i - 3 meat rations
 n - 4 chunks of flesh


   Skills:
 - Level 1.5 Dodging
 - Level 2.1 Stealth
 * Level 3.7 Spellcasting
 + Level 1.2 Conjurations
 - Level 0.7 Transmutations
 + Level 4.7 Earth Magic


You had 4 spell levels left.
You knew the following spells:

 Your Spells              Type           Power        Failure   Level  Hunger
a - Sandblast             Erth           ###...       2%          1    None
b - Stoneskin             Trmt/Erth      ##......     10%         2    ##.....
c - Stone Arrow           Conj/Erth      ##....       17%         3    ###....


Dungeon Overview and Level Annotations

Branches:
Dungeon (2/15)

Altars:

Annotations:
D:2 Robin


Innate Abilities, Weirdness & Mutations

You are resistant to torment.
Your stone body is resilient (AC +3).
You are immune to poison.
You resist negative energy.
You are resistant to electric shocks.
You can survive without breathing.
You are immune to petrification.
You are immune to rotting.


Message History

Okay, then.
Unknown command.
Robin hits you from afar with a spear.
Robin zaps a wand.
The magic dart hits you!
Things that are here:
2 javelins of returning; a club; a hobgoblin corpse You hit Robin.
Robin is severely wounded.
Robin hits you but does no damage.
You hit Robin but do no damage.
Robin is severely wounded.
Robin zaps a wand.
The magic dart hits you!
* * * LOW HITPOINT WARNING * * *
You are too injured to fight recklessly!
You are too injured to fight recklessly!
You are too injured to fight recklessly!
m - 2 javelins of returning Robin says, "My goblins will feast on your bones."
Robin zaps a wand.
The magic dart hits you!
You die...

........# #........#
........# #........#
........# #........#
.......## #........#
.[.....### ####.#####
####.#...#####..########### #
#.###.......###...##...##
####...#####..(g...........##
..P..#..## ##.##@...........#
≈≈≈≈P....# #..##.....)......#
≈≈P≈≈P.#.###........).......#
≈≈≈≈.≈P#.#...#.............##
≈≈≈≈≈≈.........###...##...##
≈≈≈≈≈≈.......### ##########
≈≈P≈≈P...##### .P.......).##
......#.##).###


You could see Robin.

Vanquished Creatures
  A gnoll (D:1)
  4 adders
  A worm (D:2)
  A giant gecko (D:2)
  5 giant cockroaches
  12 goblins
  9 hobgoblins
  2 jackals (D:1)
  9 kobolds
  A quokka (D:2)
  2 ball pythons
  5 bats
  2 giant newts
  7 rats
61 creatures vanquished.

Notes
Turn   | Place    | Note
--------------------------------------------------------------
     0 | D:1      | Kristof the Gargoyle Earth Elementalist began the quest for the Orb.
     0 | D:1      | Reached XP level 1. HP: 10/10 MP: 3/3
   166 | D:1      | Reached XP level 2. HP: 15/15 MP: 3/5
   191 | D:1      | Learned a level 2 spell: Stoneskin
   447 | D:1      | Reached skill level 4 in Earth Magic
   523 | D:1      | Reached XP level 3. HP: 19/19 MP: 2/7
   533 | D:1      | Learned a level 3 spell: Stone Arrow
   866 | D:2      | Reached XP level 4. HP: 24/24 MP: 0/8
  1220 | D:2      | Reached skill level 1 in Conjurations
  1615 | D:2      | Noticed Robin
  1890 | D:2      | Killed from afar by Robin

Vault maps used:
D:1:      minmay_arrival_split_and_join
D:2:      serial_bayou_pond_b, serial_bayou_ford_a, uniq_robin

Action                   |  1- 3 |  4- 6 || total
-------------------------+-------+-------++-------
Melee: Dagger            |     9 |     6 ||    15
Throw: Stone             |     1 |       ||     1
       Javelin           |       |    20 ||    20
 Cast: Sandblast         |    36 |    33 ||    69
  Use: Scroll            |     1 |     3 ||     4
  Eat: Chunk             |       |     3 ||     3
